 Dungeon Crawl Stone Soup version 0.29.0-4-gdea44cf6ec (webtiles) character file.

Game seed: 17612211807507480400

190 qw the Chopper (level 5, -1/30 HPs)
             Began as a Tengu Warper on Aug 28, 2022.
             Slain by Duvessa
             ... wielding a +0 short sword
              (7 damage)
             ... on level 4 of the Dungeon.
             The game lasted 00:00:18 (3072 turns).

qw the Chopper (Tengu Warper)                       Turns: 3072, Time: 00:00:19

Health: -1/30      AC: 10    Str: 13    XL:     5   Next: 69%
Magic:  9/9        EV: 13    Int: 14    God:
Gold:   173        SH:  0    Dex: 13    Spells: 8/8 levels left

rFire   . . .      SeeInvis .   Y - +0 hand axe (vorpal)
rCold   . . .      Faith    .   (no shield)
rNeg    + . .      Spirit   .   e - +1 ring mail of Perfidy {rN+}
rPois   +          Reflect  .   (helmet restricted)
rElec   .          Harm     .   (no cloak)
rCorr   .          Rampage  .   (no gloves)
Will    .....                   (boots unavailable)
Stlth   +.........              (no amulet)
HPRegen 0.10/turn               a - +4 ring of protection
MPRegen 0.11/turn               h - ring of poison resistance

@: flying quickly and evasively, quick
A: beak, talons 3, nimble flight
a: no special abilities


You were on level 4 of the Dungeon.
You visited 1 branch of the dungeon, and saw 4 of its levels.

You collected 273 gold pieces.
You spent 100 gold pieces at shops.


Innate Abilities, Weirdness & Mutations

You have a beak for a mouth.
You have claws for feet.
Your magical nature lets you fly swiftly and evasively.


   Skills:
 - Level 2.0 Fighting
 + Level 6.3 Axes
 - Level 1.0 Throwing
 - Level 1.1 Armour
 - Level 2.1 Dodging
 - Level 2.0 Spellcasting
 - Level 2.4 Translocations


You had 8 spell levels left.
You didn't know any spells.
Your spell library contained the following spells:

 Spells                   Type           Power      Damage    Failure   Level
 Blink                    Tloc           16%        N/A       28%         2
 Gell's Gravitas          Tloc           8%         N/A       50%         3
 Lesser Beckoning         Tloc           8%         N/A       50%         3
 Teleport Other           Tloc           8%         N/A       50%         3
 Manifold Assault         Tloc           8%         N/A       99%         5

Inventory:

Hand Weapons
 n - a +0 flail
 Y - a +0 vorpal hand axe (weapon)
Armour
 e - the +1 ring mail of Perfidy (worn) {rN+}
   (You found it on level 2 of the Dungeon)

   rN:        It protects you from negative energy.
Jewellery
 a - a +4 ring of protection (left hand)
 h - a ring of poison resistance (right hand)
 l - a ring of protection from fire
Potions
 b - a potion of resistance {unknown}
 c - a potion of ambrosia {unknown}
 f - 2 potions of might
 k - a potion of flight {unknown}
 m - a potion of curing {unknown}

Dungeon Overview and Level Annotations

Branches:
Dungeon (4/15)             Temple (0/1) D:4

Altars:
Makhleb

Shops:
D:3 [

Annotations:
D:4 Duvessa


Message History

Duvessa says, "I don't care about looks, I care about technique!"
Duvessa hits you with a +0 short sword.
You barely miss Duvessa. You claw Duvessa. You peck Duvessa.
Duvessa is moderately wounded.
Duvessa completely misses you.
You hit Duvessa but do no damage.
Duvessa is lightly wounded.
Duvessa barely misses you.
You hit Duvessa but do no damage. You claw Duvessa, but do no damage.
You peck Duvessa, but do no damage. You punch Duvessa, but do no damage.
Duvessa is lightly wounded.
Duvessa hits you but does no damage.
You closely miss Duvessa.
Duvessa is lightly wounded.
Duvessa hits you but does no damage.
You hit Duvessa but do no damage.
Duvessa is lightly wounded.
Duvessa hits you with a +0 short sword!
You closely miss Duvessa. You peck Duvessa, but do no damage.
Duvessa is lightly wounded.
Duvessa hits you but does no damage.
You hit Duvessa. You claw Duvessa.
Duvessa is moderately wounded.
You hit Duvessa. Your kick misses Duvessa.
Duvessa is heavily wounded.
Duvessa hits you but does no damage.
You closely miss Duvessa. Your kick misses Duvessa. Your peck misses Duvessa.
Duvessa is heavily wounded.
Duvessa hits you with a +0 short sword!
You hit Duvessa. Your peck misses Duvessa.
Duvessa is heavily wounded.
Duvessa says, "Where magic fails, the sword succeeds!"
Duvessa barely misses you.
You barely miss Duvessa.
Duvessa is heavily wounded.
Duvessa hits you with a +0 short sword!
You barely miss Duvessa. Your peck misses Duvessa.
Duvessa is heavily wounded.
Duvessa hits you with a +0 short sword!
You die...

..#.........##.....#...)..####.
...............#...#)###..)..#.
#..}...}..##.#...#..#...#..#.
..#.........##.#...#..#P..####.
......)>.......#...####........
..#......)..#..................
#..}...}..#.....#............
..............e..............#.
..#.........##@.......######.#.
. ##.##.##.##....#.#..# .#.
......e?.######.....# #.
.......... ........ ## .......#
#######... #. ...... ... #.
.... #. #. #.


You could see Duvessa.

Vanquished Creatures
  An ogre (D:4)
  3 adders
  2 worms (D:3)
  A dart slug (D:1)
  An orc (D:4)
  5 ball pythons
  6 endoplasms
  7 giant cockroaches
  8 goblins
  8 hobgoblins
  3 jackals (D:1)
  3 quokkas (D:1)
  3 bats
  A frilled lizard (D:1)
  8 kobolds
  2 rats
62 creatures vanquished.

Notes
Turn   | Place    | Note
-------+----------+-------------------------------------------
     0 | D:1      | qw the Tengu Warper began the quest for the Orb.
     0 | D:1      | Reached XP level 1. HP: 12/12 MP: 4/4
     0 | D:1      | 0 ||| qw: Version: 0.1-a-89-g26bdef1
     0 | D:1      | 0 ||| qw: Game counter: 2954
     0 | D:1      | 0 ||| qw: Always use a shield: true
     0 | D:1      | 0 ||| qw: God list: Okawaru
     0 | D:1      | 0 ||| qw: Allow faded altars: false
     0 | D:1      | 0 ||| qw: Do Orc after D:15 true
     0 | D:1      | 0 ||| qw: Do second Lair branch before Depths: true
     0 | D:1      | 0 ||| qw: Lair rune preference: random
     0 | D:1      | 0 ||| qw: Plans: Normal
     0 | D:1      | 0 ||| PLANNING D:1-11
   105 | D:1      | Reached skill level 3 in Axes
   105 | D:1      | Reached XP level 2. HP: 10/17 MP: 6/6
   304 | D:1      | 304 ||| Stepping ~*~*~tactically~*~*~ (stealth).
   311 | D:1      | 311 ||| Stepping ~*~*~tactically~*~*~ (stealth).
   443 | D:1      | 443 ||| Stepping ~*~*~tactically~*~*~ (stealth).
   458 | D:1      | 458 ||| Stepping ~*~*~tactically~*~*~ (stealth).
   461 | D:1      | 461 ||| Stepping ~*~*~tactically~*~*~ (stealth).
   479 | D:1      | 479 ||| Stepping ~*~*~tactically~*~*~ (stealth).
   546 | D:1      | 546 ||| Stepping ~*~*~tactically~*~*~ (stealth).
   555 | D:1      | Reached XP level 3. HP: 21/21 MP: 7/7
   557 | D:1      | 557 ||| DROPPING +0 club.
   574 | D:1      | 574 ||| Stepping ~*~*~tactically~*~*~ (stealth).
   599 | D:1      | 599 ||| Stepping ~*~*~tactically~*~*~ (stealth).
   709 | D:1      | 709 ||| Stepping ~*~*~tactically~*~*~ (stealth).
   760 | D:1      | Reached skill level 4 in Axes
  1047 | D:1      | 1047 ||| UPGRADING to +0 ring mail.
  1057 | D:1      | 1057 ||| DROPPING +0 leather armour.
  1058 | D:1      | 1058 ||| UPGRADING to ring of protection from fire.
  1059 | D:1      | 1059 ||| UPGRADING to ring of poison resistance.
  1060 | D:1      | 1060 ||| READING scroll labelled NALEV YSHEA.
  1061 | D:1      | 1061 ||| READING scroll labelled GIOMA OXZAQAK.
  1062 | D:1      | 1062 ||| READING scroll labelled WEBRITAOCE.
  1066 | D:1      | 1066 ||| READING scroll labelled YLIJ BAD NAT.
  1067 | D:1      | 1067 ||| DROPPING scroll of blinking.
  1266 | D:2      | Found a faded altar of an unknown god.
  1275 | D:2      | Identified the +1 ring mail of Perfidy {rN+}
  1618 | D:2      | 1618 ||| UPGRADING to +1 ring mail of Perfidy {rN+}.
  1628 | D:2      | 1628 ||| DROPPING +0 ring mail.
  1629 | D:2      | 1629 ||| UPGRADING to +4 ring of protection.
  1631 | D:2      | 1631 ||| DROPPING ring of flight.
  1632 | D:2      | 1632 ||| READING scroll labelled HAFAHUGUUGG.
  1633 | D:2      | 1633 ||| DRINKING 4 green potions.
  1634 | D:2      | 1634 ||| DRINKING 2 sapphire potions.
  1635 | D:2      | 1635 ||| DROPPING 3 potions of brilliance.
  1666 | D:3      | Found Myotiuwk's Antique Armour Boutique.
  1674 | D:3      | 1674 ||| BUYING dyed leather armour (100 gold).
  1674 | D:3      | Bought a dyed leather armour for 100 gold pieces
  1674 | D:3      | 1674 ||| SHOPLISTING pearl dragon scales (2000 gold, have
                  | 17).
  1674 | D:3      | 1674 ||| SHOPLISTING plate armour (460 gold, have 17).
  1674 | D:3      | 1674 ||| SHOPLISTING runed leather armour (100 gold, have
                  | 17).
  1674 | D:3      | 1674 ||| SHOPLISTING shiny plate armour (520 gold, have
                  | 17).
  1748 | D:3      | 1748 ||| Stepping ~*~*~tactically~*~*~ (stealth).
  1830 | D:3      | 1830 ||| Stepping ~*~*~tactically~*~*~ (stealth).
  1838 | D:3      | Reached XP level 4. HP: 24/26 MP: 8/8
  2203 | D:3      | Found a burning altar of Makhleb.
  2222 | D:3      | Reached skill level 5 in Axes
  2313 | D:3      | 2313 ||| DROPPING +0 whip.
  2518 | D:3      | 2518 ||| DROPPING +1 leather armour of cold resistance.
  2519 | D:3      | 2519 ||| READING scroll labelled VERGHI DIWK.
  2520 | D:3      | 2520 ||| READING scroll labelled IMMIM FEONA.
  2796 | D:4      | Found a staircase to the Ecumenical Temple.
  2797 | D:4      | 2797 ||| PLANNING TEMPLE
  2822 | D:4      | Noticed an ogre
  2823 | D:4      | 2823 ||| FLEEEEING.
  2824 | D:4      | 2824 ||| FLEEEEING.
  2825 | D:4      | 2825 ||| FLEEEEING.
  2836 | D:4      | HP: 6/26 [ogre/+0 giant club (4)]
  2841 | D:4      | Killed an ogre
  2842 | D:4      | Reached skill level 6 in Axes
  2842 | D:4      | Gained mutation: Your magical nature lets you fly swiftly
                  | and evasively. [Tengu growth]
  2842 | D:4      | Reached XP level 5. HP: 8/30 MP: 9/9
  2869 | D:4      | Noticed Duvessa
  2870 | D:4      | 2870 ||| FLEEEEING.
  2872 | D:4      | 2872 ||| FLEEEEING.
  2873 | D:4      | 2873 ||| FLEEEEING.
  2874 | D:4      | 2874 ||| STAIRDANCE
  3071 | D:4      | HP: 6/30 [Duvessa/+0 short sword (7)]
  3072 | D:4      | Slain by Duvessa

Levels and vault maps discovered:
D:1:      dpeg_arrival_windows_large_door, layout_loops_ring,
          kennysheep_pointless_box
D:2:      layout_basic, hellmonk_ecumenical_altar_arch_garden,
          chequers_serial_rivers_room_a
D:3:      layout_loops_ring, amcnicky_altar_gilded, serial_shops, shop
D:4:      corexii_shack_village, layout_basic, minmay_temple_entry_large_hall,
          uniq_crazy_yiuf_cottage, uniq_duvessa

Skill      XL: |  1  2  3  4 |
---------------+-------------+-----
Axes           | 3 4 6 |  6.3
Fighting       | |  2.0
Throwing       | |  1.0
Armour         | |  1.1
Dodging        | |  2.1
Spellcasting   | |  2.0
Translocations | |  2.4

Action                   |  1- 3 |  4- 6 || total
-------------------------+-------+-------++-------
Melee: Hand axe          |    77 |    84 ||   161
       Kick              |    21 |    20 ||    41
       Peck              |     3 |    15 ||    18
       Punch             |       |     2 ||     2
Throw: Boomerang         |     7 |       ||     7
  Use: Scroll            |     5 |     2 ||     7
       Potion            |     2 |       ||     2
Armor: Leather armour    |     8 |       ||     8
       Ring mail         |     6 |    20 ||    26
Dodge: Dodged            |    30 |    33 ||    63

Table legend:
 A = Non-vault XP
 B = Vault XP
 C = Vault XP percentage of total XP
 D = Non-vault monster count
 E = Vault monster count
 F = Vault count percentage of total count
                 A         B        C        D         E       F
            +---------+---------+-------+---------+---------+-------
      Total |     256 |      16 |   5.9 |      54 |       8 |  12.9
            +---------+---------+-------+---------+---------+-------
        D:1 |      52 |       0 |   0.0 |      27 |       0 |   0.0
        D:2 |      21 |       0 |   0.0 |       6 |       0 |   0.0
        D:3 |      49 |       0 |   0.0 |      12 |       0 |   0.0
        D:4 |     134 |      16 |  10.7 |       9 |       8 |  47.1
            +---------+---------+-------+---------+---------+-------
